 Dungeon Crawl Stone Soup version 0.28.0 (webtiles) character file.

Game seed: 10214781396505442890

21 sanka the Magician (level 2, 20/20 HPs)
             Began as a Palentonga Hedge Wizard on Feb 8, 2022.
             Was an Initiate of Gozag.
             Quit the game on level 1 of the Dungeon.
             The game lasted 00:01:51 (1171 turns).

sanka the Magician (Palentonga Hedge Wizard)        Turns: 1171, Time: 00:01:52

Health: 20/20      AC:  4    Str: 13    XL:     2   Next: 62%
Magic:  4/6        EV:  9    Int: 14    God:    Gozag
Gold:   69         SH:  0    Dex:  9    Spells: 4/7 levels left

rFire   . . .      SeeInvis +   a - +0 dagger
rCold   . . .      Faith    .   (no shield)
rNeg    . . .      Spirit   .   b - +0 robe
rPois   .          Reflect  .   c - +0 hat
rElec   .          Harm     .   (no cloak)
rCorr   .          Rampage  .   (no gloves)
Will    .....                   (no barding)
Stlth   +.........              (no amulet)
HPRegen 0.06/turn               (no ring)
MPRegen 0.10/turn               (no ring)

@: gold aura
A: large, rugged brown scales 3, see invisible, deformed body, roll 1, armoured
tail
a: Rolling Charge, Renounce Religion, Potion Petition, Call Merchant, Bribe
Branch


You were on level 1 of the Dungeon.
You worshipped Gozag.
Gozag was noncommittal.
You visited 1 branch of the dungeon, and saw 1 of its levels.

You collected 69 gold pieces.

Inventory:

Hand Weapons
 a - a +0 dagger (weapon)
Armour
 b - a +0 robe (worn)
 c - a +0 hat (worn)
Scrolls
 d - a scroll of identify {unknown}
 g - a scroll of noise {unknown}
Potions
 e - a potion of lignification {unknown}
 f - a potion of curing {unknown}


   Skills:
 - Level 1.5 Dodging
 - Level 1.2 Stealth
 - Level 3.0 Spellcasting
 + Level 1.8 Conjurations
 + Level 1.5 Summonings
 - Level 1.0 Translocations


You had 4 spell levels left.
You knew the following spells:

 Your Spells              Type           Power      Damage    Failure   Level
a - Magic Dart            Conj           28%        1d4       11%         1
b - Call Imp              Summ           6%         N/A       17%         2

Your spell library contained the following spells:

 Spells                   Type           Power      Damage    Failure   Level
 Slow                     Hex            8%         N/A       22%         1
 Blink                    Tloc           8%         N/A       22%         2
 Conjure Flame            Conj/Fire      4%         6-21      41%         3
 Mephitic Cloud           Conj/Pois/Air  3%         N/A       45%         3
 Confusing Touch          Hex            2%         N/A       54%         3
 Frozen Ramparts          Ice            4%         1d2       54%         3
 Anguish                  Hex/Necr       1%         N/A       91%         4
 Cause Fear               Hex            1%         N/A       91%         4


Dungeon Overview and Level Annotations

Branches:
Dungeon (1/15)

Altars:
Gozag


Innate Abilities, Weirdness & Mutations

You are completely covered in rugged brown scales. (AC +3, +7% HP)
You have supernaturally acute eyesight. (SInv)
Armour fits poorly on your strangely shaped body.
You can roll at nearby foes to attack.
You have a long armoured tail.


Message History

The magic dart hits the rat.
The rat is severely wounded.
The magic dart hits the rat.
You kill the rat!
Magic restored.
You now have 53 gold pieces (gained 5).
A hobgoblin comes into view.
The hobgoblin shouts!
The hobgoblin moves out of view.
A hobgoblin is nearby!
A hobgoblin is nearby!
A hobgoblin is nearby!
The magic dart hits the hobgoblin.
The hobgoblin is moderately wounded.
The magic dart hits the hobgoblin but does no damage.
The hobgoblin is moderately wounded.
The magic dart hits the hobgoblin.
You kill the hobgoblin!
You can't see any susceptible monsters within range! (Use Z to cast anyway.)
You now have 59 gold pieces (gained 6).
g - a scroll labelled HYCSET SYZE
Found a robe.
You see here a +0 robe.
You now have 63 gold pieces (gained 4).
You now have 69 gold pieces (gained 6).
A kobold comes into view. It is wielding a +0 short sword.
The kobold shouts!
A kobold is nearby!
The magic dart hits the kobold.
The kobold is moderately wounded.
Save game and exit?
Okay, then.
Welcome back, sanka the Palentonga Hedge Wizard.
Gozag says: Greed is good.
Press ? for a list of commands and other information.
Unknown command.
The magic dart hits the kobold.
You kill the kobold!
You can't see any susceptible monsters within range! (Use Z to cast anyway.) Are you sure you want to abandon this character and quit the game? (Confirm with "yes".)

######...## #.#
#.......## #.#
#.####### #.# #.#
#.# #.# #.# # #.#
#.# . #.# #.# # .
#.###########....
#
#........@.....$#
###############.#


There were no monsters in sight!

Vanquished Creatures
  3 ball pythons (D:1)
  An endoplasm (D:1)
  5 hobgoblins (D:1)
  3 jackals (D:1)
  A goblin (D:1)
  3 kobolds (D:1)
  A rat (D:1)
17 creatures vanquished.

Notes
Turn   | Place    | Note
-------+----------+-------------------------------------------
     0 | D:1      | sanka the Palentonga Hedge Wizard began the quest for the
                  | Orb.
     0 | D:1      | Reached XP level 1. HP: 13/13 MP: 4/4
    38 | D:1      | Reached skill level 1 in Conjurations
   144 | D:1      | Reached skill level 1 in Summonings
   467 | D:1      | Reached XP level 2. HP: 20/20 MP: 1/6
   530 | D:1      | Learned a level 2 spell: Call Imp
   531 | D:1      | Found a faded altar of an unknown god.
   539 | D:1      | Prayed at the altar of an unknown god.
   539 | D:1      | Became a worshipper of Gozag Ym Sagoz the Greedy
   556 | D:1      | Got the Tome of Snow and Bewitchment
  1171 | D:1      | Quit the game

Illustrated notes

Levels and vault maps discovered:
D:1:      dpeg_arrival_lava_temple_mockup, layout_loops_ring,
          shapermc_ecumenical_altar_pompeii

Skill      XL: |  1 |
---------------+----+-----
Conjurations   | 1 |  1.8
Summonings     | 1 |  1.5
Dodging        | |  1.5
Stealth        | |  1.2
Spellcasting   | |  3.0
Translocations | |  1.0

Action                   || total
-------------------------++-------
Melee: Dagger            ||    29
       Tailslap          ||     3
       Punch             ||     1
 Cast: Magic Dart        ||    37
Armor: Robe              ||    18
Dodge: Dodged            ||    10
